 Dungeon Crawl Stone Soup version 0.31-a0-1439-g542172135e (webtiles) character file.

Game seed: 15631924349004518052

625 NoAnimeNoLife the Ruffian (level 7, -9/91 HPs)
             Began as a Red Draconian Shapeshifter on Dec 27, 2023.
             Was an Initiate of Wu Jian.
             Mangled by Maggie
             ... wielding a +1 scimitar of electrocution
              (13 damage)
             ... on level 6 of the Dungeon.
             The game lasted 00:06:33 (5281 turns).

NoAnimeNoLife the Ruffian (DrSh)                    Turns: 5281, Time: 00:06:33

Health: -9/91      AC: 23    Str: 18    XL:     7   Next: 23%
Magic:  7/7        EV:  2    Int: 11    God:    Wu Jian [......]
Gold:   275        SH:  0    Dex: 10    Spells: 6/6 levels left

rFire   . .          .
                       - Unarmed
rCold   . . .        (no shield)
rNeg    . . .        (body armour unavailable)
rPois   +            (helmet currently unavailable)
rElec   .            (cloak currently unavailable)
rCorr   .            (gloves currently unavailable)
SInv    .            (boots currently unavailable)
Will    .....        (no amulet)
Stlth   +            (no ring)
HPRegen 0.35/turn    (no ring)
MPRegen 0.10/turn

%: no passive effects
@: short of breath, tree-form, mesmerised
A: stationary, stasis, torment immunity, boosted hp, (breathe fire), AC +6,
unfitting armour, (fire resistance 1), (cold-blooded)
a: Renounce Religion


You were on level 6 of the Dungeon.
You worshipped Wu Jian.
Wu Jian was noncommittal.
You were a tree.
You visited 2 branches of the dungeon, and saw 7 of its levels.

You collected 275 gold pieces.

Inventory:

Armour
 u - a +0 cloak
Jewellery
 j - an amulet of faith
Talismans
 b - a beast talisman
 c - a flux talisman
 m - a serpent talisman
Scrolls
 d - a scroll of enchant weapon
 f - a scroll of brand weapon
 g - a scroll of poison
 l - a scroll of identify {@r1}
 n - 2 scrolls of blinking {@r3}
 o - a scroll of fear
 r - a scroll of vulnerability {unknown}
 s - a scroll of teleportation {@r2}
Potions
 a - a potion of lignification
 e - a potion of enlightenment
 h - a potion of brilliance {unknown}
 i - 6 potions of curing {@q1}
 p - a potion of heal wounds {@q2}
 q - a potion of berserk rage {unknown}


   Skills:
 + Level 5.0 Fighting
 - Level 1.7 Dodging
 + Level 5.4 Unarmed Combat
 + Level 5.0 Shapeshifting


You had 6 spell levels left.
You didn't know any spells.
Your spell library contained the following spells:

 Spells                   Type           Power      Damage    Failure   Level
 Magic Dart               Conj           0%         1d3       34%         1
 Blink                    Tloc           0%         N/A       47%         2
 Call Imp                 Summ           0%         N/A       47%         2
 Manifold Assault         Tloc           0%         N/A       98%         4
 Dispersal                Tloc           0%         N/A       100%        6
 Disjunction              Tloc           0%         N/A       100%        8


Dungeon Overview and Level Annotations

Branches:
Dungeon (6/15)             Temple (1/1) D:5

Altars:
Ashenzari
Dithmenos
Fedhas
Gozag
Kikubaaqudgha
Okawaru
Trog
Uskayaw
Wu Jian
Xom
Yredelemnul

Shops:
D:5 *

Annotations:
D:6 Maggie


Innate Abilities, Weirdness & Mutations

You are a tree.
Your roots penetrate the ground, keeping you stationary.
You cannot be teleported.
You are immune to unholy pain and torment.
Your maximum health is greatly increased.
Your equipment is partially melded.
((You can breathe blasts of fire.))
((Your fiery red scales are hard. (AC +6)))
You cannot fit into any form of body armour.
((Your flesh is heat resistant. (rF+)))
((You are cold-blooded and may be slowed by cold attacks.))


Message History

You feel a surge of unholy energy.
Maggie convulses!
Maggie hits you but does no damage.
You are electrocuted!
You barely miss Maggie.
Maggie is severely wounded.
Maggie hits you but does no damage.
You closely miss Maggie.
Maggie is severely wounded.
Maggie casts a spell.
Maggie attempts to bespell you!
You easily resist.
You smack Maggie!
Maggie is almost dead.
Maggie casts a spell.
Maggie attempts to bespell you!
You are mesmerised by Maggie!
You hit Maggie.
Maggie is almost dead.
You hit Maggie but do no damage.
Maggie is almost dead.
Maggie hits you with a +1 scimitar of electrocution.
You are electrocuted!
* * * LOW HITPOINT WARNING * * *
You barely miss Maggie.
Maggie is almost dead.
Maggie hits you with a +1 scimitar of electrocution.
* * * LOW HITPOINT WARNING * * *
You feel much better. Maggie hits you but does no damage.
You hit Maggie.
Maggie is almost dead.
Maggie casts a spell at you. The bolt of fire hits you!!
* * * LOW HITPOINT WARNING * * *
You barely miss Maggie.
Maggie is almost dead.
Maggie barely misses you.
You closely miss Maggie.
Maggie is almost dead.
Maggie hits you with a +1 scimitar of electrocution!
* * * LOW HITPOINT WARNING * * *
You are electrocuted!
You die...

#...## ..... ###..(.
...... #.... ########
# ..S #....... .#
#@#####....####.##
#.♣..........<...#
#..####.#.#......#
#...........#......#
#..~.~......<.......#
#...~...............#
#..~....#...........#
....~.....#.#........#
#.....###.#.###......#
.. ..... .......#


You could see Maggie (mesmerising) and an adder.

Vanquished Creatures
  2 ogres
  3 orc priests
  2 bombardier beetles
  Crazy Yiuf (D:5)
  3 orc wizards
  3 gnolls (D:5)
  5 adders
  A shadow imp (D:5)
  2 ufetubi (D:5)
  A dart slug (D:1)
  15 orcs
  9 ball pythons
  8 bats
  3 endoplasms
  2 giant cockroaches (D:1)
  6 goblins
  7 hobgoblins
  10 jackals
  4 quokkas
  3 frilled lizards (D:1)
  4 kobolds
  6 rats
100 creatures vanquished.

Notes
Turn   | Place    | Note
-------+----------+-------------------------------------------
     0 | D:1      | NoAnimeNoLife the Draconian Shapeshifter began the quest
                  | for the Orb.
     0 | D:1      | Reached XP level 1. HP: 16/16 MP: 1/1
    61 | D:1      | Reached XP level 2. HP: 17/23 MP: 2/2
   356 | D:1      | Found a faded altar of an unknown god.
   495 | D:1      | Reached XP level 3. HP: 21/29 MP: 3/3
  1839 | D:3      | Reached XP level 4. HP: 8/37 MP: 4/4
  2704 | D:4      | Reached XP level 5. HP: 45/45 MP: 5/5
  3462 | D:4      | Noticed an ogre
  3641 | D:4      | Killed an ogre
  3642 | D:4      | Reached XP level 6. HP: 52/52 MP: 6/6
  4033 | D:5      | Entered Level 5 of the Dungeon
  4102 | D:5      | Reached skill level 5 in Unarmed Combat
  4541 | D:5      | Your scales start taking on a fiery red colour.
  4541 | D:5      | Reached XP level 7. HP: 56/60 MP: 7/7
  4541 | D:5      | Gained mutation: Your flesh is heat resistant. (rF+) [Red
                  | Draconian growth]
  4665 | D:5      | Reached skill level 5 in Shapeshifting
  4741 | D:5      | Found a basalt altar of Yredelemnul.
  4778 | D:5      | Found a staircase to the Ecumenical Temple.
  4793 | Temple   | Entered the Ecumenical Temple
  4818 | Temple   | Became a worshipper of the Wu Jian Council
  4878 | D:5      | Found Pyomniubb's General Store.
  5082 | D:5      | Found a runed translucent door.
  5083 | D:5      | Noticed Crazy Yiuf
  5093 | D:5      | Killed Crazy Yiuf
  5094 | D:5      | Reached skill level 5 in Fighting
  5102 | D:5      | Identified the +9 hammer of Esodod {antimagic, Will+
                  | Stlth+}
  5105 | D:5      | Identified the +6 hammer "Impbane" {elec, Will- Str+4
                  | Int+2}
  5259 | D:6      | Noticed Maggie
  5281 | D:6      | HP: 4/91 [Maggie/+1 scimitar of electrocution (9)]
  5281 | D:6      | Mangled by Maggie

Illustrated notes

Levels and vault maps discovered:
D:1:      orjb1_clovarrival, layout_basic, shapermc_ecumenical_altar_gd
D:2:      layout_loops_ring, serial_forest, infiniplex_forest_straight_3,
          infiniplex_forest_clump_large, infiniplex_forest_lined_1,
          infiniplex_forest_clump_cross, infiniplex_forest_lined_3,
          infiniplex_forest_lined_2, infiniplex_forest_lined_ring
D:3:      layout_basic
D:4:      layout_loops_ring
D:5:      layout_cave_pools, yredelemnul_altar_generic,
          minmay_temple_entry_stoned_glass, serial_shops, kennysheep_little_box,
          uniq_crazy_yiuf_cottage
D:6:      layout_basic, grunt_temple_overflow_open,
          chequers_serial_rivers_micro_c, uniq_maggie
Temple:   hellmonk_temple_beads

Skill      XL: |  1  2  3  4  5  6  7 |
---------------+----------------------+-----
Fighting       | 2 3 4 5 |  5.0
Unarmed Combat | 4 5 |  5.4
Shapeshifting  | 4 5 |  5.0
Dodging        | |  1.7

Action                     |  1- 3 |  4- 6 |  7- 9 || total
---------------------------+-------+-------+-------++-------
  Melee: Unarmed           |   134 |   135 |    49 ||   318
         Tailslap          |    15 |    15 |     8 ||    38
         Punch             |     2 |     5 |     1 ||     8
Ability: Breathe Fire      |       |       |     4 ||     4
  Evoke: Wand              |       |     2 |     3 ||     5
    Use: Scroll            |     8 |     5 |     1 ||    14
         Potion            |       |     3 |     3 ||     6
   Stab: Sleeping          |     1 |     1 |       ||     2
         Paralysed         |       |     4 |       ||     4
 Armour: Skin              |    82 |    67 |    35 ||   184
  Dodge: Dodged            |   105 |    82 |    18 ||   205

Table legend: (Time is in decaauts)
 A = Elapsed time spent in this place.
 B = Non-inter-level travel time spent in this place.
 C = Inter-level travel time spent in this place.
 D = Time resting spent in this place.
 E = Time spent auto-exploring this place.
 F = Levels seen in this place.
 G = Mean time per level.
                   A        B        C        D        E       F      G
               +--------+--------+--------+--------+--------+-----+--------+
         Total |   5261 |   4952 |    309 |    887 |   3315 |   7 |  751.6 |
       Dungeon |   5209 |   4949 |    260 |    887 |   3315 |   6 |  868.2 |
        Temple |     51 |      2 |     49 |      0 |      0 |   1 |   51.0 |
               +--------+--------+--------+--------+--------+-----+--------+

Top non-repeatable levels by time:
     D:4: 1503 daAuts
     D:5: 1082 daAuts
     D:1: 1078 daAuts
     D:3: 787 daAuts
     D:2: 721 daAuts
  Temple: 51 daAuts
     D:6: 36 daAuts
